MLB
CLEVELAND INDIANS @ KANSAS CITY ROYALS
08/26/2018
 
TOP OF THE 1ST
Cleveland Indians batting - Pitching for Kansas City Royals : RHP Aaron Nola
Pitching: RHP Aaron Nola
Batting: LHB Jacoby Ellsbury 0-0: Bunt for hit to 25 - play at first, batter safe!
Batting: LHB Matt Carpenter 0-0: Ball
1-0: Called Strike
1-1: Ball
2-1: Ball
3-1: Foul Ball, location: 2F
3-2: Foul Ball, location: 2F
3-2: Foul Ball, location: 2F
3-2: Base on Balls
Jacoby Ellsbury to second
Batting: SHB Jose Ramirez 0-0: Ball
1-0: Foul Ball, location: 2F
1-1: Called Strike
1-2: Ball
2-2: Lines into TRIPLE play, 8-6-3 (Line Drive, 8RD)
Top of the 1st over - 0 runs, 1 hit, 0 errors, 0 left on base; Cleveland 0 - Kansas City 0
BOTTOM OF THE 1ST
Kansas City Royals batting - Pitching for Cleveland Indians : RHP Trevor Oaks
Pitching: RHP Trevor Oaks
Batting: LHB Jesse Winker 0-0: Called Strike
0-1: Ball
1-1: SINGLE (Groundball, 34D)
Batting: LHB Joe Mauer 0-0: Called Strike
0-1: SINGLE (Flyball, 7LM)
Jesse Winker to second
Batting: RHB Nolan Arenado 0-0: Called Strike
0-1: Foul Ball, location: 2F
0-2: Ball
1-2: Foul Ball, location: 2F
1-2: Fly out, F8 (Flyball, 8LXD)
Runner from 2nd tags up, SAFE at 3rd, no throw by CF
Batting: LHB Lonnie Chisenhall 0-0: Called Strike
0-1: Called Strike
0-2: Ball
1-2: Strikes out swinging
Batting: LHB Odubel Herrera 0-0: Ground out 1-3 (Groundball, 34S)
Bottom of the 1st over - 0 runs, 2 hits, 0 errors, 2 left on base; Cleveland 0 - Kansas City 0
TOP OF THE 2ND
Cleveland Indians batting - Pitching for Kansas City Royals : RHP Aaron Nola
Batting: LHB Eric Hosmer 0-0: Swinging Strike
0-1: Fly out, F8 (Line Drive, 8RD)
Batting: LHB Matt Joyce 0-0: Called Strike
0-1: Foul Ball, location: 2F
0-2: Ground out 6-3 (Groundball, 4)
Batting: RHB Steven Souza Jr. 0-0: Called Strike
0-1: Ground out 5-3 (Groundball, 56S)
Top of the 2nd over - 0 runs, 0 hits, 0 errors, 0 left on base; Cleveland 0 - Kansas City 0
BOTTOM OF THE 2ND
Kansas City Royals batting - Pitching for Cleveland Indians : RHP Trevor Oaks
Batting: RHB Kevin Plawecki 0-0: Called Strike
0-1: Swinging Strike
0-2: Ball
1-2: Strikes out looking
Batting: RHB Ian Kinsler 0-0: Ball
1-0: Fly out, F8 (Line Drive, 8RD)
Batting: SHB Melky Cabrera 0-0: Swinging Strike
0-1: Fly out, F7 (Flyball, 7)
Bottom of the 2nd over - 0 runs, 0 hits, 0 errors, 0 left on base; Cleveland 0 - Kansas City 0
TOP OF THE 3RD
Cleveland Indians batting - Pitching for Kansas City Royals : RHP Aaron Nola
Batting: LHB Christian Yelich 0-0: Ball
1-0: Called Strike
1-1: Foul Ball, location: 2F
1-2: Ball
2-2: SINGLE (Line Drive, 5L)
Batting: LHB Brian McCann 0-0: Foul Ball, location: 2F
0-1: Ball
1-1: Foul Ball, location: 2F
1-2: Foul Ball, location: 2F
1-2: Strikes out swinging
Batting: RHB Marcus Semien 0-0: Ball
1-0: Called Strike
1-1: Fly out, F8 (Flyball, 8LXD)
Batting: LHB Jacoby Ellsbury 0-0: Called Strike
Christian Yelich steals 2nd base
0-1: Ball
1-1: Ball
2-1: Called Strike
2-2: Foul Ball, location: 2F
2-2: Foul Ball, location: 2F
2-2: SINGLE (Groundball, 34D)
Christian Yelich to third
Runner from 3rd tries for Home, SAFE, no throw by RF
Batting: LHB Matt Carpenter 0-0: Ball
1-0: Called Strike
1-1: TRIPLE (Flyball, 9LD)
Jacoby Ellsbury scores
Batting: SHB Jose Ramirez 0-0: Called Strike
0-1: Called Strike
0-2: Ball
1-2: Ball
2-2: Ball
3-2: Fly out, F7 (Flyball, 78M)
Top of the 3rd over - 2 runs, 3 hits, 0 errors, 1 left on base; Cleveland 2 - Kansas City 0
BOTTOM OF THE 3RD
Kansas City Royals batting - Pitching for Cleveland Indians : RHP Trevor Oaks
Batting: RHB Ronald Torreyes 0-0: Called Strike
0-1: Foul Ball, location: 2F
0-2: Ball
1-2: SINGLE (Groundball, 6MD)
Batting: LHB Jesse Winker 0-0: Ball
1-0: SINGLE (Groundball, 4MD)
Ronald Torreyes to second
Batting: LHB Joe Mauer 0-0: Foul Ball, location: 2F
0-1: Ball
1-1: Ball
2-1: Foul Ball, location: 2F
2-2: Ball
3-2: Base on Balls
Ronald Torreyes to third
Jesse Winker to second
Batting: RHB Nolan Arenado 0-0: Swinging Strike
0-1: Foul Ball, location: 2F
0-2: Ball
1-2: Ball
2-2: Ball
3-2: Strikes out swinging
Batting: LHB Lonnie Chisenhall 0-0: Ball
1-0: Foul Ball, location: 2F
1-1: Ball
2-1: Ball
3-1: Called Strike
3-2: Foul Ball, location: 2F
3-2: Foul Ball, location: 2F
3-2: Foul Ball, location: 2F
3-2: Fly out, F4 (Line Drive, 4)
Batting: LHB Odubel Herrera 0-0: Foul Ball, location: 2F
0-1: Fly out, F4 (Popup, 4)
Bottom of the 3rd over - 0 runs, 2 hits, 0 errors, 3 left on base; Cleveland 2 - Kansas City 0
TOP OF THE 4TH
Cleveland Indians batting - Pitching for Kansas City Royals : RHP Aaron Nola
Batting: LHB Eric Hosmer 0-0: Ball
1-0: Foul Ball, location: 2F
1-1: Ball
2-1: Ball
3-1: SINGLE (Groundball, 4MD)
Batting: LHB Matt Joyce 0-0: Ball
1-0: Called Strike
1-1: Called Strike
1-2: Strikes out swinging
Batting: RHB Steven Souza Jr. Pickoff Throw to First - Out! 1-3
0-0: Ball
1-0: Ball
2-0: Ball
3-0: Called Strike
3-1: Swinging Strike
3-2: Strikes out looking
Top of the 4th over - 0 runs, 1 hit, 0 errors, 0 left on base; Cleveland 2 - Kansas City 0
BOTTOM OF THE 4TH
Kansas City Royals batting - Pitching for Cleveland Indians : RHP Trevor Oaks
Batting: RHB Kevin Plawecki 0-0: Called Strike
0-1: Ball
1-1: Ball
2-1: Foul Ball, location: 2F
2-2: Fly out, F9 (Flyball, 9LS)
Batting: RHB Ian Kinsler 0-0: Foul Ball, location: 2F
0-1: SINGLE (Groundball, 56D)
Batting: SHB Melky Cabrera 0-0: Fly out, F9 (Flyball, 9)
Batting: RHB Ronald Torreyes 0-0: Called Strike
Ian Kinsler steals 2nd base
0-1: Ground out 6-3 (Groundball, 6)
Bottom of the 4th over - 0 runs, 1 hit, 0 errors, 1 left on base; Cleveland 2 - Kansas City 0
TOP OF THE 5TH
Cleveland Indians batting - Pitching for Kansas City Royals : RHP Aaron Nola
Batting: LHB Christian Yelich 0-0: Foul Ball, location: 2F
0-1: Ball
1-1: Ground out 4-3 (Groundball, 4)
Batting: LHB Brian McCann 0-0: Called Strike
0-1: Ball
1-1: Ball
2-1: Fly out, F9 (Flyball, 9D)
Batting: RHB Marcus Semien 0-0: Fly out, F8 (Flyball, 89M)
Top of the 5th over - 0 runs, 0 hits, 0 errors, 0 left on base; Cleveland 2 - Kansas City 0
BOTTOM OF THE 5TH
Kansas City Royals batting - Pitching for Cleveland Indians : RHP Trevor Oaks
Batting: LHB Jesse Winker 0-0: Ball
1-0: Reached on error, E5 (Groundball, 6S)
Batting: LHB Joe Mauer 0-0: Ball
1-0: Ground out 5-3 (Groundball, 56)
Batting: RHB Nolan Arenado 0-0: Fly out, F7 (Flyball, 7S)
Batting: LHB Lonnie Chisenhall 0-0: Called Strike
0-1: Swinging Strike
0-2: Ball
1-2: Ball
2-2: Ball
3-2: Strikes out swinging
Bottom of the 5th over - 0 runs, 0 hits, 1 error, 1 left on base; Cleveland 2 - Kansas City 0
TOP OF THE 6TH
Cleveland Indians batting - Pitching for Kansas City Royals : RHP Aaron Nola
Batting: LHB Jacoby Ellsbury 0-0: Ball
1-0: Ball
2-0: Ball
3-0: Called Strike
3-1: Foul Ball, location: 2F
3-2: Foul Ball, location: 2F
3-2: Ground out 1-3 (Groundball, 34S)
Batting: LHB Matt Carpenter 0-0: Ground out 4-3 (Groundball, 34D)
Batting: SHB Jose Ramirez 0-0: Foul Ball, location: 2F
0-1: SINGLE (Line Drive, 56D)
Batting: LHB Eric Hosmer 0-0: Called Strike
0-1: Foul Ball, location: 2F
0-2: Foul Ball, location: 2F
0-2: Ball
Jose Ramirez steals 2nd, throwing error, E2
Jose Ramirez to third
1-2: Ground out 4-3 (Groundball, 4D)
Top of the 6th over - 0 runs, 1 hit, 1 error, 1 left on base; Cleveland 2 - Kansas City 0
BOTTOM OF THE 6TH
Kansas City Royals batting - Pitching for Cleveland Indians : RHP Trevor Oaks
Batting: LHB Odubel Herrera 0-0: Ground out 5-3 (Groundball, 5L)
Batting: RHB Kevin Plawecki 0-0: Foul Ball, location: 2F
0-1: Ball
1-1: Ball
2-1: Ball
3-1: Ground out 5-3 (Groundball, 56S)
Batting: RHB Ian Kinsler 0-0: Ball
1-0: Fly out, F6 (Line Drive, 6)
Bottom of the 6th over - 0 runs, 0 hits, 0 errors, 0 left on base; Cleveland 2 - Kansas City 0
TOP OF THE 7TH
Cleveland Indians batting - Pitching for Kansas City Royals : RHP Aaron Nola
Pitching: RHP Kelvin Herrera
Batting: LHB Matt Joyce 0-0: Swinging Strike
0-1: Ball
1-1: Foul Ball, location: 2F
1-2: Ball
2-2: SINGLE (Flyball, 9S)
Batting: RHB Steven Souza Jr. 0-0: Ball
Pickoff Throw to First - Out! 1-3
1-0: Foul Ball, location: 2F
1-1: Foul Ball, location: 2F
1-2: Ball
2-2: Strikes out swinging
Batting: LHB Christian Yelich 0-0: Called Strike
0-1: Fly out, F8 (Flyball, 8RD)
Top of the 7th over - 0 runs, 1 hit, 0 errors, 0 left on base; Cleveland 2 - Kansas City 0
BOTTOM OF THE 7TH
Kansas City Royals batting - Pitching for Cleveland Indians : RHP Trevor Oaks
Batting: SHB Melky Cabrera 0-0: Ball
1-0: Ground out 4-3 (Groundball, 34)
Batting: RHB Ronald Torreyes 0-0: Swinging Strike
0-1: Ball
1-1: Ground out 4-3 (Groundball, 4MD)
Batting: LHB Jesse Winker 0-0: Fly out, F7 (Flyball, 78M)
Bottom of the 7th over - 0 runs, 0 hits, 0 errors, 0 left on base; Cleveland 2 - Kansas City 0
TOP OF THE 8TH
Cleveland Indians batting - Pitching for Kansas City Royals : RHP Kelvin Herrera
Pitching: LHP Matt Strahm
Batting: LHB Brian McCann 0-0: Called Strike
0-1: Swinging Strike
0-2: Foul Ball, location: 2F
0-2: Foul Ball, location: 2F
0-2: Ball
1-2: Ball
2-2: Strikes out swinging
Batting: RHB Marcus Semien 0-0: Fly out, F5 (Popup, 5D)
Batting: LHB Jacoby Ellsbury 0-0: Ball
1-0: Called Strike
1-1: Fly out, F7 (Flyball, 7S)
Top of the 8th over - 0 runs, 0 hits, 0 errors, 0 left on base; Cleveland 2 - Kansas City 0
BOTTOM OF THE 8TH
Kansas City Royals batting - Pitching for Cleveland Indians : RHP Trevor Oaks
Batting: LHB Joe Mauer 0-0: Ball
1-0: Ball
2-0: SINGLE (Line Drive, 3D)
Batting: RHB Nolan Arenado 0-0: Foul Ball, location: 2F
0-1: Swinging Strike
0-2: Ball
1-2: Foul Ball, location: 2F
1-2: SINGLE (Line Drive, 7S)
Joe Mauer to second
Batting: LHB Lonnie Chisenhall 0-0: Foul Ball, location: 2F
0-1: 3-RUN HOME RUN (Flyball, 9D), Distance : 384 ft
Pitching: RHP Hector Rondon
Batting: LHB Odubel Herrera 0-0: Ball
1-0: Called Strike
1-1: Ball
2-1: Foul Ball, location: 2F
2-2: Ground out 6-3 (Groundball, 56)
Batting: RHB Kevin Plawecki 0-0: Ball
1-0: SINGLE (Groundball, 56D)
Batting: RHB Ian Kinsler 0-0: Fly out, F8 (Line Drive, 8LM)
Batting: SHB Melky Cabrera 0-0: Ball
1-0: Ball
2-0: Fly out, F9 (Flyball, 9)
Bottom of the 8th over - 3 runs, 4 hits, 0 errors, 1 left on base; Cleveland 2 - Kansas City 3
TOP OF THE 9TH
Cleveland Indians batting - Pitching for Kansas City Royals : LHP Matt Strahm
Pitching: RHP Carl Edwards Jr.
Batting: LHB Matt Carpenter 0-0: Swinging Strike
0-1: Ball
1-1: Ball
2-1: Swinging Strike
2-2: Strikes out swinging
Batting: SHB Jose Ramirez 0-0: Ball
1-0: Fly out, F8 (Flyball, 8LD)
Batting: LHB Eric Hosmer 0-0: Ball
1-0: Foul Ball, location: 2F
1-1: Swinging Strike
1-2: Strikes out swinging
Top of the 9th over - 0 runs, 0 hits, 0 errors, 0 left on base; Cleveland 2 - Kansas City 3
Monday, November 5th, 2018 - OOTP Baseball 19.9 Build 111